 Dungeon Crawl Stone Soup version 0.29.1-12-g30fa7ad0bf (webtiles) character file.

Game seed: 15763197677607293248

21931 Unglued128 the Scorcher (level 12, -6/88 HPs)
             Began as a Red Draconian Fire Elementalist on Dec 27, 2022.
             Was a Priest of Vehumet.
             Mangled by a bog body (10 damage)
             ... on level 3 of the Lair of Beasts on Dec 28, 2022.
             The game lasted 02:37:00 (22217 turns).

Unglued128 the Scorcher (DrFE)                     Turns: 22217, Time: 02:37:01

Health: -6/88      AC: 13    Str: 14    XL:     12   Next: 58%
Magic:  29/29      EV: 13    Int: 20    God:    Vehumet [***...]
Gold:   871        SH:  0    Dex: 12    Spells: 27/37 levels left

rFire   + + .      SeeInvis .   f - staff of fire
rCold   + . .      Faith    .   (no shield)
rNeg    . . .      Spirit   .   (body armour unavailable)
rPois   .          Reflect  .   (helmet restricted)
rElec   .          Harm     .   u - +1 cloak
rCorr   +          Rampage  .   (no gloves)
Will    +....                   p - +2 pair of boots
Stlth   +++.......              (no amulet)
HPRegen 0.24/turn               x - ring of wizardry
MPRegen 0.21/turn               E - ring "Ruanos" {rC+ Will+ rCorr Str+3 Stlth+}

@: slowed, very slow
A: breathe fire, AC +8, unfitting armour, fire resistance 1, cold-blooded
a: Breathe Fire, Renounce Religion


You were on level 3 of the Lair of Beasts.
You worshipped Vehumet.
Vehumet was most pleased with you.
You visited 3 branches of the dungeon, and saw 15 of its levels.

You collected 871 gold pieces.

Inventory:

Hand Weapons
 c - a +1 short sword of speed
 h - a +3 dagger of venom
Missiles
 i - 30 poisoned darts (quivered)
 F - a curare-tipped dart
Armour
 p - a +2 pair of boots (worn)
 u - a +1 cloak (worn)
Magical Staves
 f - a staff of fire (weapon)
Jewellery
 x - a ring of wizardry (left hand)
 y - a ring of wizardry
 E - the ring "Ruanos" (right hand) {rC+ Will+ rCorr Str+3 Stlth+}
   (You acquired it on level 2 of the Lair of Beasts)

   [ring of resist corrosion]

   Str:       It affects your strength (+3).
   rC:        It protects you from cold.
   rCorr:     It protects you from acid and corrosion.
   Will:      It increases your willpower.
   Stlth:     It makes you more stealthy.
Wands
 b - a wand of flame (11)
 j - a wand of roots (21)
 m - a wand of acid (3)
 z - a wand of polymorph (10)
Scrolls
 d - a scroll of identify
 e - a scroll of amnesia
 o - 3 scrolls of magic mapping
 q - a scroll of butterflies
 r - 3 scrolls of summoning
 w - a scroll of enchant weapon
 B - 2 scrolls of poison
Potions
 a - a potion of magic
 l - a potion of resistance
 n - 3 potions of flight
 t - 3 potions of brilliance
 v - 3 potions of might
 C - a potion of berserk rage
Miscellaneous
 D - a phantom mirror


   Skills:
 + Level 2.6 Fighting
 + Level 1.7 Staves
 + Level 2.8 Throwing
 + Level 3.5 Dodging
 + Level 4.0 Stealth
 - Level 0.4 Unarmed Combat
 + Level 13.4 Spellcasting
 + Level 2.8 Conjurations
 + Level 2.6 Hexes
 + Level 16.0 Fire Magic


You had 27 spell levels left.
You knew the following spells:

 Your Spells              Type           Power      Damage    Failure   Level
a - Foxfire               Conj/Fire      100%       2x1d9     1%          1
b - Scorch                Fire           100%       2d10      0%          2
c - Inner Flame           Hex/Fire       66%        N/A       1%          3
d - Flame Wave            Conj/Fire      67%        2d15      1%          4

Your spell library contained the following spells:

 Spells                   Type           Power      Damage    Failure   Level
 Olgreb's Toxic Radiance  Pois           13%        N/A       5%          4
 Necrotise                Necr           52%        1d6       1%          1
 Sandblast                Erth           26%        2d8       1%          1
 Ensorcelled Hibernation  Hex/Ice        36%        N/A       1%          2
 Conjure Flame            Conj/Fire      67%        6-21      1%          3
 Stone Arrow              Conj/Erth      38%        3d9       1%          3
 Passwall                 Tmut/Erth      10%        N/A       3%          2
 Spider Form              Tmut/Pois      13%        N/A       6%          3
 Vampiric Draining        Necr           13%        2d6       6%          3
 Anguish                  Hex/Necr       9%         N/A       12%         4
 Agony                    Necr           13%        N/A       45%         5
 Summon Cactus Giant      Summ           6%         N/A       95%         6


Dungeon Overview and Level Annotations

Branches:
Dungeon (11/15)            Temple (1/1) D:6            Lair (3/5) D:9
  Swamp (0/4) Lair:3       Spider (0/4) Lair:2
    Orc: D:9-12

Altars:
Ashenzari
Cheibriados
Dithmenos
Elyvilon
Fedhas
Gozag
Hepliaklqana
Kikubaaqudgha
Makhleb
Nemelex Xobeh
Okawaru
Qazlal
Ru
Sif Muna
Trog
Uskayaw
Vehumet
Wu Jian
Xom
Yredelemnul
Zin
The Shining One

Shops:
D:4 [

Annotations:
D:3 exclusion: oklob plant
D:10 Gastronok
D:11 Lodul
Lair:1 2 transporters, BillyBaka's ghost, journeyman MiFi


Innate Abilities, Weirdness & Mutations

You can breathe blasts of fire.
Your fiery red scales are hard. (AC +8)
You cannot fit into any form of body armour.
Your flesh is heat resistant. (rF+)
You are cold-blooded and may be slowed by cold attacks.


Message History

You resist with almost no effort.
The bog body points at you and mumbles some strange words.
The bolt of cold hits you. You resist.
Read: 2 scrolls of butterflies
Press: ? - help, Q - select action, (/) - cycle Dir - look around, f - activate
As you read the scroll of butterflies, it crumbles to dust.
You hear the tinkle of a tiny bell.
The bog body barely misses your butterfly.
The four-headed hydra bites your butterfly!
Your butterfly dies!
Your butterfly disappears in a burst of colours!
The four-headed hydra bites your butterfly.
Your butterfly dies!
Your butterfly disappears in a burst of colours!
The four-headed hydra misses your butterfly.
The four-headed hydra bites your butterfly.
Your butterfly dies!
Your butterfly disappears in a burst of colours!
You swap places.
The bog body misses your butterfly.
The four-headed hydra attacks as you move away!
The four-headed hydra bites you. x3; The four-headed hydra bites you!
* * * LOW HITPOINT WARNING * * *
As you read the scroll of fear, it crumbles to dust.
You assume a fearsome visage.
The bog body is unaffected.
The four-headed hydra looks frightened!
Aiming: Corrosive Bolt
Press: ? - help, Q - select action, (/) - cycle Shift-Dir - straight line, f - bog body
Aim: a bog body (moderately damaged, 75% to hit)
The bolt of acid hits the bog body!
The bog body is heavily damaged.
The bog body touches you.
* * * LOW HITPOINT WARNING * * *
The bog body freezes you! You resist.
* * * LOW HITPOINT WARNING * * *
The bog body gestures at you while chanting.
You resist with almost no effort.
You feel better. The bog body touches you.
* * * LOW HITPOINT WARNING * * *
The bog body freezes you! You resist.
You die...

..#...............#
...#..............#
.#.#......#...#..##
..........'...#...#
.#.#..#......b...##
.#.#'#....##..#b.#
. #..........b..##
# ###.##.#...b...#
#####....b.@.#
#.#..b..n##
#..bb.b.P#
##..bb...#
#..bb....#
⌠.##..D....##
...........P#
...........##
...##..##..#


You could see a four-headed hydra (fleeing, ally target) and a bog body.

Vanquished Creatures
  A skeletal warrior (D:8)
  A bog body (Lair:3)
  An oklob plant (Lair:3)
  3 centaur zombies (D:10)
  A black mamba (Lair:1)
  A gargoyle (D:10)
  4 cane toads
  An unseen horror (D:10)
  Joseph (D:7)
  5 komodo dragons
  2 unseen horror zombies (D:10)
  A rime drake (Lair:1)
  5 trolls
  A meliai (D:8)
  A hornet (D:11)
  12 blink frogs (Lair:1)
  A slime creature (D:8)
  Grinder (D:3)
  3 culicivoras (Lair:2)
  A vampire (D:10)
  2 shadows
  28 yaks
  2 basilisks (Lair:2)
  3 steam dragons
  5 water moccasins
  A sky beast (D:8)
  3 orc warriors
  3 black bears
  An ice beast (D:6)
  2 ogres (D:4)
  A centaur (D:7)
  A phantom (D:6)
  9 bullfrogs
  2 kobold brigands
  A necrophage (D:6)
  2 gnoll sergeants
  12 wights
  37 killer bees
  An electric eel (D:10)
  A howler monkey (D:6)
  A human zombie (D:10)
  3 jellies
  3 hounds
  9 orc priests
  Jessica (D:3)
  Natasha (twice) (D:2)
  4 iguanas (D:5)
  13 orc wizards
  2 mummies (D:10)
  Robin (D:2)
  6 gnolls
  10 adders
  2 shadow imps
  A white imp (D:7)
  2 worms
  3 dart slugs
  25 orcs
  7 bats
  3 endoplasms
  17 goblins
  15 hobgoblins
  5 jackals
  4 quokkas
  5 ball pythons
  2 frilled lizards
  2 goblin zombies (D:6)
  6 hobgoblin zombies (D:6)
  25 kobolds
  2 kobold skeletons (D:6)
  2 kobold zombies (D:6)
  2 orc skeletons (D:6)
  5 rats
  A bush (Lair:1)
355 creatures vanquished.

Vanquished Creatures (others)
  83 foxfires
  16 fungi
  47 plants
  14 toadstools (D:3)
160 creatures vanquished.

Grand Total: 515 creatures vanquished

Notes
Turn   | Place    | Note
-------+----------+-------------------------------------------
     0 | D:1      | Unglued128 the Draconian Fire Elementalist began the quest
                  | for the Orb.
     0 | D:1      | Reached XP level 1. HP: 14/14 MP: 3/3
   204 | D:1      | Reached XP level 2. HP: 20/20 MP: 0/5
   492 | D:1      | Learned a level 2 spell: Scorch
  1338 | D:2      | Reached XP level 3. HP: 16/26 MP: 1/6
  1745 | D:2      | Noticed Robin
  1890 | D:2      | Reached skill level 4 in Fire Magic
  1952 | D:2      | Reached XP level 4. HP: 18/33 MP: 0/8
  2194 | D:2      | Killed Robin
  2480 | D:2      | Noticed Natasha
  2626 | D:2      | Killed Natasha
  2930 | D:2      | Noticed Natasha
  2940 | D:2      | Killed Natasha
  3018 | D:3      | Reached XP level 5. HP: 38/38 MP: 2/10
  3156 | D:3      | Noticed Jessica
  3165 | D:3      | Killed Jessica
  3318 | D:3      | Found a blossoming altar of Fedhas.
  3343 | D:3      | Noticed an oklob plant
  3447 | D:3      | You fall into a shaft and drop 2 floors!
  3447 | D:5      | Entered Level 5 of the Dungeon
  3880 | D:5      | Reached skill level 5 in Fire Magic
  3880 | D:5      | Reached XP level 6. HP: 45/45 MP: 8/12
  3949 | D:5      | Reached skill level 1 in Fighting
  3952 | D:5      | HP: 2/47 [acid (3)]
  4252 | D:5      | Found an ancient bone altar of Kikubaaqudgha.
  4491 | D:5      | Reached skill level 5 in Spellcasting
  4491 | D:5      | Your scales start taking on a fiery red colour.
  4491 | D:5      | Reached skill level 6 in Fire Magic
  4491 | D:5      | Reached XP level 7. HP: 35/52 MP: 5/14
  4491 | D:5      | Gained mutation: Your flesh is heat resistant. (rF+) [Red
                  | Draconian growth]
  4641 | D:5      | Found a sparkling altar of Nemelex Xobeh.
  4958 | D:4      | Found Kiph's Armour Shoppe.
  5295 | D:4      | Reached skill level 7 in Fire Magic
  5478 | D:4      | Identified a scroll of acquirement
  5478 | D:4      | Acquired a staff of fire
  5865 | D:6      | Found a staircase to the Ecumenical Temple.
  5882 | Temple   | Entered the Ecumenical Temple
  6216 | D:6      | Noticed a steam dragon
  6223 | D:6      | Killed a steam dragon
  6224 | D:6      | Reached XP level 8. HP: 58/59 MP: 7/17
  6364 | D:6      | Learned a level 3 spell: Inner Flame
  6404 | D:6      | Reached skill level 8 in Fire Magic
  6801 | D:6      | Found a glowing golden altar of the Shining One.
  7762 | D:7      | Noticed Joseph
  7789 | D:7      | Reached skill level 9 in Fire Magic
  8368 | D:7      | Reached XP level 9. HP: 66/66 MP: 15/20
  8988 | D:7      | Killed Joseph
  9550 | D:3      | Reached skill level 10 in Fire Magic
  9999 | D:3      | Noticed Grinder
 10002 | D:3      | Killed Grinder
 10975 | D:8      | Noticed a troll
 11048 | D:8      | Reached skill level 1 in Staves
 11156 | D:8      | Found an iron altar of Okawaru.
 11207 | D:8      | Reached skill level 11 in Fire Magic
 11391 | D:8      | Noticed a troll
 12004 | D:8      | Noticed a meliai
 12007 | D:8      | Noticed a troll
 12233 | D:8      | Noticed a skeletal warrior
 12242 | D:8      | Killed a troll
 12242 | D:8      | Killed a skeletal warrior
 12243 | D:8      | Reached skill level 1 in Throwing
 12243 | D:8      | Reached XP level 10. HP: 39/73 MP: 1/23
 12714 | D:9      | Reached skill level 1 in Hexes
 12884 | D:9      | Found a stormy altar of Qazlal.
 12917 | D:9      | Reached skill level 12 in Fire Magic
 13119 | D:9      | Reached skill level 10 in Spellcasting
 13154 | D:9      | Found a radiant altar of Vehumet.
 13155 | D:9      | Found a snail-covered altar of Cheibriados.
 13155 | D:9      | Found an opulent altar of Gozag.
 13163 | D:9      | Became a worshipper of Vehumet
 13445 | D:9      | Learned a level 4 spell: Flame Wave
 13742 | D:9      | Reached * piety under Vehumet
 13742 | D:9      | Offered knowledge of Sandblast by Vehumet.
 13967 | D:9      | Found a staircase to the Lair.
 14339 | D:10     | Entered Level 10 of the Dungeon
 14444 | D:10     | Reached skill level 13 in Fire Magic
 14545 | D:10     | Noticed Gastronok
 14656 | D:10     | Reached XP level 11. HP: 74/79 MP: 18/25
 15102 | D:10     | Found a basalt altar of Yredelemnul.
 16213 | D:10     | Reached skill level 14 in Fire Magic
 16677 | D:8      | Reached ** piety under Vehumet
 16677 | D:8      | Offered knowledge of Static Discharge by Vehumet.
 17077 | D:11     | Paralysed by a hornet for 1 turns
 17718 | D:11     | Noticed Lodul
 17787 | Lair:1   | Entered Level 1 of the Lair of Beasts
 18422 | Lair:1   | Offered knowledge of Dazzling Flash by Vehumet.
 18438 | Lair:1   | Reached *** piety under Vehumet
 18564 | Lair:1   | Reached XP level 12. HP: 85/85 MP: 21/28
 18863 | Lair:1   | Reached skill level 15 in Fire Magic
 19058 | Lair:1   | Found a transporter.
 19370 | Lair:1   | Found a transporter.
 19383 | Lair:1   | Noticed BillyBaka's ghost (journeyman MiFi)
 20126 | Lair:2   | Found a hole to the Spider Nest.
 20522 | Lair:2   | Offered knowledge of Olgreb's Toxic Radiance by Vehumet.
 21760 | Lair:2   | Acquired the ring "Ruanos" {rC+ Will+ rCorr Str+3 Stlth+}
 22149 | Lair:3   | Found a staircase to the Swamp.
 22182 | Lair:3   | Reached skill level 16 in Fire Magic
 22182 | Lair:3   | Noticed a four-headed hydra
 22216 | Lair:3   | HP: 2/88 [bog body (13)]
 22217 | Lair:3   | Mangled by a bog body

Illustrated notes

Levels and vault maps discovered:
D:1:      co_arrival_random_square_maze, layout_basic,
          chequers_serial_rivers_micro_b
D:2:      layout_rooms, bh_walls_and_bars, uniq_natasha, uniq_robin
D:3:      layout_loops_ring, tgw_fedhas, hangedman_decor_peaks_small,
          minmay_misc_feat_roman, uniq_jessica, uniq_grinder
D:4:      layout_basic, serial_shops, kennysheep_mini, glass_columns_a,
          nrook_mini_vaults
D:5:      layout_loops_ring, nemelex_spade_bored_becter,
          overflow_temple_1_default, kennysheep_pointless_box,
          hangedman_abyss_or_decor_stabs
D:6:      layout_basic, nicolae_tso_besieged_by_evil,
          minmay_temple_entry_sparse_star
D:7:      layout_loops_ring, uniq_joseph
D:8:      minmay_blocky_corners, layout_basic, mainiacjoe_overflow_brackets,
          chequers_arboretum, lightli_corner_chamber
D:9:      layout_loops_corners, chequers_temple_overflow_statue_of_worship,
          nicolae_qazlal_general_emergency, lair_entry_dummy
D:10:     layout_loops_ring, lemuel_mausoleum_altar_yredelemnul,
          serial_bayou_pond_c, kennysheep_dice, uniq_gastronok
D:11:     layout_basic, grunt_ministairs_13, solitary_fountain, moated_statue,
          zin_statuary, uniq_lodul
Temple:   minmay_temple_bridge_abc
Lair:1:   wad_woods_minihive, layout_chaotic_city,
          gammafunk_ghost_berserking_beasts, wad_woods_06
Lair:2:   layout_regular_city, hellmonk_spider_entry_life_and_decay
Lair:3:   layout_chaotic_city, skrybe_swamp_entry_bodies, serial_bayou_lagoon_a,
          st_stairs_8, grunt_megastairs_1, serial_bayou_shore_b,
          lemuel_fruit_tree

Skill      XL: |  1  2  3  4  5  6  7  8  9 10 11 12 |
---------------+-------------------------------------+-----
Fire Magic     | 4 5 6 7 9 11 13 14 16 | 16.0
Stealth        | 2 3 4 |  4.0
Spellcasting   | 3 4 5 6 7 9 10 12 13 | 13.4
Fighting       | 1 2 |  2.6
Dodging        | 2 3 |  3.5
Conjurations   | 2 |  2.8
Staves         | 1 |  1.7
Throwing       | 1 2 |  2.8
Hexes          | 1 2 |  2.6
Unarmed Combat | |  0.4

Action                   |  1- 3 |  4- 6 |  7- 9 | 10-12 || total
-------------------------+-------+-------+-------+-------++-------
Melee: Unarmed           |    17 |       |       |       ||    17
       Tailslap          |     4 |     7 |    19 |       ||    30
       Dagger            |    28 |    51 |     4 |       ||    83
       Staff             |       |       |    86 |    26 ||   112
       Punch             |       |       |     2 |       ||     2
Throw: Dart              |       |     2 |    11 |    29 ||    42
 Cast: Foxfire           |    17 |    11 |    20 |       ||    48
       Scorch            |    29 |    39 |   188 |   273 ||   529
       Inner Flame       |       |       |     9 |    29 ||    38
       Flame Wave        |       |       |       |    20 ||    20
 Abil: Breathe Fire      |       |       |     1 |       ||     1
Evoke: Wand              |       |       |       |     5 ||     5
  Use: Scroll            |     3 |     4 |    12 |    27 ||    46
       Potion            |       |       |     1 |     5 ||     6
Armor: Skin              |    21 |    24 |    48 |   104 ||   197
Dodge: Dodged            |    41 |    59 |    62 |   122 ||   284
